 Dungeon Crawl Stone Soup version 0.26-a0-835-g8259106e14 (webtiles) character file.

Game seed: 16217458609599560767

135 pablito the Grasshopper (level 4, -2/38 HPs)
             Began as a Draconian Warper on Nov 17, 2020.
             Slain by a wight
             ... wielding a +0 trident
              (11 damage)
             ... on level 3 of the Dungeon.
             The game lasted 00:12:59 (3240 turns).

pablito the Grasshopper (Draconian Warper)          Turns: 3240, Time: 00:12:59

Health: -2/38      AC:  5    Str: 14    XL:     4   Next: 97%
Magic:  8/8        EV: 12    Int: 13    God:
Gold:   162        SH:  0    Dex: 11    Spells: 3/8 levels left

rFire    . . .     SeeInvis .   a - +0 falchion
rCold    . . .     Faith    .   (no shield)
rNeg     . . .     Spirit   .   (armour unavailable)
rPois    .         Reflect  .   (helmet restricted)
rElec    .         Harm     .   (no cloak)
rCorr    .         Rampage  .   (no gloves)
MR       .....                  (no boots)
Stlth    ++........             (no amulet)
HPRegen  0.12/turn              b - ring of stealth
MPRegen  0.11/turn              (no ring)

@: hasted, drained, very quick
A: unfitting armour, cold-blooded, AC +5
a: no special abilities


You were on level 3 of the Dungeon.
You visited 1 branch of the dungeon, and saw 3 of its levels.

You collected 162 gold pieces.

Inventory:

Hand Weapons
 a - a +0 falchion (weapon)
Missiles
 d - 5 boomerangs of dispersal
 o - 3 poisoned darts
 w - 6 boomerangs (quivered)
Jewellery
 b - a ring of stealth (left hand)
Scrolls
 c - 2 scrolls of blinking
 f - 2 scrolls of enchant weapon {unknown}
 g - 2 scrolls of teleportation {unknown}
 h - 4 scrolls of identify
 k - 3 scrolls of immolation {unknown}
 l - 2 scrolls of fear {unknown}
 m - a scroll of remove curse {unknown}
 q - a scroll of enchant armour {unknown}
 v - a scroll of fog {unknown}
Potions
 e - a potion of degeneration {unknown}
 i - a potion of lignification {unknown}
 j - a potion of curing {unknown}
 n - a potion of mutation {unknown}
 p - 2 potions of haste
 t - a potion of berserk rage {unknown}


   Skills:
 + Level 3.2(2.1) Fighting
 + Level 2.8(1.7) Long Blades
 + Level 1.8(0.7) Throwing
 - Level 2.2(1.1) Dodging
 + Level 2.9(1.8) Spellcasting
 + Level 3.6(2.5) Translocations


You had 3 spell levels left.
You knew the following spells:

 Your Spells              Type           Power        Failure   Level
a - Blink                 Tloc           N/A          14%         2
b - Lesser Beckoning      Tloc           #.........   28%         3

Your spell library contained the following spells:

 Spells                   Type           Power        Failure   Level
 Gell's Gravitas          Tloc           #.........   28%         3
 Teleport Other           Tloc           #.......     28%         3
 Passage of Golubria      Tloc           N/A          67%         4


Dungeon Overview and Level Annotations

Branches:
Dungeon (3/15)

Altars:
Ru
Yredelemnul

Annotations:
D:2 Sigmund


Innate Abilities, Weirdness & Mutations

Your plain brown scales are hard. (AC +5)
You cannot fit into any form of body armour.
You are cold-blooded and may be slowed by cold attacks.


Message History

The wight barely misses you.
You closely miss the wight.
The wight is heavily damaged.
The wight hits you with a +0 trident.
* * * LOW HITPOINT WARNING * * *
You feel drained.
You hit the wight but do no damage.
The wight is heavily damaged.
The wight hits you but does no damage.
You barely miss the wight.
The wight is heavily damaged.
The wight misses you.
You riposte.
You barely miss the wight.
Your tail-slap misses the wight.
The wight is heavily damaged.
You hit the wight but do no damage.
The wight is heavily damaged.
You closely miss the wight.
The wight is heavily damaged.
The wight hits you with a +0 trident!
You die...

.†.#.######.# #.# #z#
#.. .#.#.......)# #.#
#.# #.# # .#...########
#.# #z# #.# # ####.# #.#
#z# #.# # .#...# #.# #.#
#.# # .#.#.# #.# #.# #.#
## ...#.# #.#
#.####†###. #.##.#
########.#####....>.)...
#.##..
......z@............###.
#.####
##################### ##
#.# #.# #.. ###


You could see a wight.

Vanquished Creatures
  A wight (D:3)
  3 adders
  A worm (D:2)
  A dart slug (D:1)
  A leopard gecko (D:3)
  4 orcs (D:3)
  5 bats
  3 giant cockroaches
  8 hobgoblins
  2 jackals (D:3)
  A ball python (D:2)
  3 frilled lizards
  14 goblins
  7 kobolds
  2 rats (D:3)
  A spectral orc (D:3)
57 creatures vanquished.

Notes
Turn   | Place    | Note
-------+----------+-------------------------------------------
     0 | D:1      | pablito the Draconian Warper began the quest for the Orb.
     0 | D:1      | Reached XP level 1. HP: 17/17 MP: 3/3
   160 | D:1      | Reached XP level 2. HP: 24/25 MP: 5/5
   255 | D:1      | Reached skill level 1 in Throwing
   408 | D:1      | Learned a level 2 spell: Blink
   636 | D:1      | Reached XP level 3. HP: 30/30 MP: 6/6
  1023 | D:2      | Found a sacrificial altar of Ru.
  1501 | D:2      | Noticed Sigmund
  2370 | D:3      | Learned a level 3 spell: Lesser Beckoning
  2588 | D:3      | Reached XP level 4. HP: 37/37 MP: 7/7
  2601 | D:3      | Found a basalt altar of Yredelemnul.
  3240 | D:3      | Slain by a wight

Illustrated notes

Levels and vault maps discovered:
D:1:      nagdon_arrival_double_spiral, layout_basic
D:2:      layout_basic, hangedman_ru_absence, uniq_sigmund
D:3:      layout_loops_ring, yredelemnul_forgotten_temple_becter,
          eino_tiny_chamber, saegor_snake_ambush

Skill      XL: |  1  2  3  4 |
---------------+-------------+-----
Throwing       | 1 |  1.8
Fighting       | 3 |  3.2
Long Blades    | |  2.8
Dodging        | |  2.2
Spellcasting   | |  2.9
Translocations | |  3.6

Action                   |  1- 3 |  4- 6 || total
-------------------------+-------+-------++-------
Melee: Falchion          |   121 |    86 ||   207
       Tailslap          |     8 |     7 ||    15
Throw: Boomerang         |       |    27 ||    27
 Cast: Blink             |     4 |     1 ||     5
  Use: Scroll            |     2 |       ||     2
       Potion            |       |     1 ||     1
 Stab: Sleeping          |    10 |     2 ||    12
Armor: Skin              |    33 |    23 ||    56
Dodge: Dodged            |    69 |    57 ||   126
       Rpst.: Falchion   |    22 |    11 ||    33

Table legend: (Time is in decaauts)
 A = Elapsed time spent in this place.
 B = Non-inter-level travel time spent in this place.
 C = Inter-level travel time spent in this place.
 D = Time resting spent in this place.
 E = Time spent auto-exploring this place.
 F = Levels seen in this place.
 G = Mean time per level.
                   A        B        C        D        E       F      G
               +--------+--------+--------+--------+--------+-----+--------+
         Total |   3293 |   3170 |    123 |    466 |   1759 |   3 | 1097.7 |
       Dungeon |   3293 |   3170 |    123 |    466 |   1759 |   3 | 1097.7 |
               +--------+--------+--------+--------+--------+-----+--------+

Top non-repeatable levels by time:
     D:2: 1439 daAuts
     D:3: 943 daAuts
     D:1: 910 daAuts
